Map: Defender's Landing LE

Players

Elazer - Winner!

  • Race: Zerg Zerg
  • Spawn Location: 1:00

Snute

  • Race: Zerg Zerg
  • Spawn Location: 7:00

Event: WCS Valencia 2017

VOD

Have the link to the VOD?

Description

Time

  • Played on: July 15, 2017, 2:45 p.m.
  • Length: 6:50

All games in this series

Show
View Real Time Build Order
Export as new Build Order

Elazer Zerg - Winner!

Build Orders: Pool First 

Get SALT Encoding   

  12  0:02  Drone  
  13  0:12  Overlord  
  13  0:17  Drone  
  14  0:30  Drone x2  
  14  0:35  Drone  
  17  0:37  Extractor  
  16  0:46  Spawning Pool  
  15  0:50  Drone  
  16  0:59  Drone  
  17  1:19  Hatchery  
  16  1:33  Queen  
  16  1:37  Metabolic Boost  
  18  1:41  Zergling x2  
  18  1:45  Zergling x2  
  20  1:48  Zergling x2  
  21  1:54  Overlord  
  21  2:04  Zergling x2  
  21  2:17  Queen  
  21  2:19  Zergling x2  
  24  2:30  Zergling x2  
  24  2:33  Zergling x2  
  24  2:38  Zergling x2  
  24  2:39  Queen  
  24  2:45  Zergling x2  
  24  2:47  Zergling x2  
  24  2:48  Zergling x6  
  27  2:57  Zergling x2  
  27  2:59  Zergling x2  
  27  3:05  Zergling x2  
  27  3:12  Zergling x2  
  27  3:16  Zergling x2  
  26  3:21  Zergling x2  
  26  3:23  Queen  
  27  3:30  Zergling x4  
  29  3:35  Zergling x2  
  29  3:36  Zergling x4  
  32  3:42  Zergling x2  
  33  3:48  Zergling x2  
  33  3:49  Zergling x2  
  33  3:58  Zergling x4  
  34  4:07  Zergling x2  
  34  4:09  Overlord  
  34  4:20  Zergling x2  
  35  4:24  Overlord  
  35  4:27  Queen  
  35  4:28  Zergling x4  
  39  4:35  Zergling x4  
  41  4:42  Zergling x4  
  43  4:46  Zergling x4  
  43  4:50  Zergling x2  
  43  4:54  Zergling x2  
  43  4:59  Zergling x4  
  42  5:05  Zergling x2  
  42  5:06  Zergling x2  
  43  5:09  Zergling x2  
  43  5:12  Zergling x2  
  38  5:18  Zergling x4  
  40  5:22  Zergling x2  
  40  5:26  Zergling x2  
  42  5:31  Zergling x2  
  42  5:36  Zergling x4  
  38  5:44  Zergling x2  
  38  5:45  Zergling x4  
  41  5:50  Zergling x2  
  41  5:55  Zergling x2  
  41  6:04  Zergling x4  
  41  6:09  Zergling x4  
Show
View Real Time Build Order
Export as new Build Order

Snute Zerg 

Build Orders: Pool First 

Get SALT Encoding   

  12  0:00  Drone  
  13  0:13  Extractor  
  12  0:24  Spawning Pool  
  12  0:27  Drone  
  12  0:32  Drone  
  13  0:36  Drone  
  14  0:48  Overlord  
  14  1:10  Zergling x2  
  14  1:11  Zergling x4  
  17  1:15  Metabolic Boost  
  17  1:21  Zergling x2  
  18  1:28  Queen  
  18  1:32  Zergling x2  
  21  1:46  Zergling x2  
  22  1:53  Overlord  
  22  2:10  Hatchery  
  22  2:13  Zergling x2  
  22  2:17  Zergling x2  
  23  2:28  Zergling x2  
  23  2:41  Zergling x6  
  25  2:44  Queen  
  25  2:46  Zergling x2  
  27  2:55  Zergling x2  
  28  3:09  Zergling x2  
  28  3:14  Zergling x2  
  28  3:18  Zergling x6  
  28  3:26  Zergling x2  
  26  3:34  Zergling x4  
  26  3:40  Zergling x2  
  29  3:45  Zergling x2  
  30  3:53  Zergling x8  
  32  3:56  Zergling x2  
  30  4:03  Drone  
  30  4:06  Drone  
  32  4:10  Drone x3  
  34  4:21  Zergling x2  
  34  4:22  Zergling x4  
  35  4:28  Zergling x2  
  36  4:35  Overlord  
  36  4:37  Spine Crawler  
  31  4:54  Zergling x10  
  33  5:00  Zergling x4  
  32  5:11  Zergling x4  
  30  5:16  Queen  
  30  5:19  Zergling x2  
  33  5:23  Zergling x2  
  33  5:24  Zergling x2  
  34  5:30  Zergling x2  
  34  5:35  Zergling x2  
  36  5:38  Zergling x2  
  36  5:41  Queen  
  35  5:52  Overlord  
  35  5:53  Zergling x2  
  35  6:06  Zergling x2  
  35  6:08  Spine Crawler  
  35  6:09  Zergling x2  
  36  6:11  Zergling x2  
  36  6:12  Zergling x2  
  37  6:19  Zergling x2  
  38  6:26  Zergling x2  
  38  6:27  Zergling x8  
Tags
 
Add a new tag
Caveats
  • Supply blocks, unpowered buildings, or Contaminate may cause inaccurate times.
  • Supply counts are checked every 10 seconds.